[Event "ICC Open 2015"]
[Site "Internet Chess Club"]
[Date "2015.05.29"]
[Round "1"]
[White "ghorok"]
[Black "OptimusMagister"]
[Result "0-1"]
[ICCResult "White checkmated"]
[WhiteElo "1576"]
[BlackElo "2244"]
[Opening "Modern defense"]
[ECO "A42"]
[NIC "OI.07"]
[Time "14:02:21"]
[TimeControl "180+0"]

1. d4 d6 2. c4 g6 3. Nc3 Bg7 4. Nf3 e5 5. dxe5 dxe5 6. Qxd8+ Kxd8 7. e4 f6
8. Be3 c6 9. O-O-O+ Ke8 10. c5 Be6 11. Nd2 Bh6 12. Bxh6 Nxh6 13. Bc4 Ke7 14.
Bxe6 Kxe6 15. Nc4 Nf7 16. Nd6 Na6 17. Nxf7 Kxf7 18. Rd7+ Ke8 19. Rxb7 Nxc5
20. Rc7 Ne6 21. Rxc6 Kf7 22. Rd1 Rhd8 23. Rcd6 Rxd6 24. Rxd6 Ke7 25. Ra6 Nf4
26. Nd5+ Nxd5 27. exd5 h5 28. Kc2 g5 29. Kd3 Rb8 30. Rxa7+ Kd6 31. Ra6+ Kxd5
32. b3 f5 33. Rg6 e4+ 34. Ke3 f4+ 35. Ke2 g4 36. Rg5+ Kd4 37. Rxh5 f3+ 38.
gxf3 exf3+ 39. Kd2 Re8 40. Rg5 Re2+ 41. Kd1 Rxf2 42. Rxg4+ Ke3 43. Rg8 Rd2+
44. Kc1 Rxa2 45. Re8+ Kf2 46. h4 Kg1 47. Rg8+ Rg2 48. Re8 f2 49. Rf8 f1=Q+
50. Rxf1+ Kxf1 51. h5 Ke2 52. h6 Kd3 53. b4 Kc4 54. h7 Rh2 55. h8=Q Rxh8 56.
b5 Rb8 57. Kd2 Rxb5 58. Ke3 Rd5 59. Ke4 Rd4+ 60. Ke3 Kd5 61. Ke2 Re4+ 62.
Kd3 Ra4 63. Ke3 Rb4 64. Kf3 Ke5 65. Ke3 Rb3+ 66. Kd2 Kd4 67. Kc2 Rd3 68. Kb2
Rc3 69. Ka2 Kc4 70. Kb2 Kb4 71. Kb1 Kb3 72. Ka1 Rc1# {White checkmated} 0-1

[Event "ICC Open 2015"]
[Site "Internet Chess Club"]
[Date "2015.05.29"]
[Round "1"]
[White "electrondx"]
[Black "Dodgy"]
[Result "0-1"]
[ICCResult "White forfeits on time"]
[WhiteElo "1408"]
[BlackElo "2199"]
[Opening "Sicilian: closed"]
[ECO "B23"]
[NIC "SI.44"]
[Time "14:02:47"]
[TimeControl "180+0"]

1. e4 c5 2. Nc3 e6 3. f4 d5 4. Bb5+ Nc6 5. e5 Bd7 6. Nf3 Nh6 7. O-O Be7 8.
Bxc6 Bxc6 9. d4 O-O 10. Ng5 cxd4 11. Qd3 g6 12. Qh3 Kg7 13. Ne2 Rh8 14. Kh1
Nf5 15. Ng3 Nxg3+ 16. Qxg3 h6 17. Nh3 Bh4 18. Qd3 Qb6 19. Ng5 hxg5 20. fxg5
Bb5 21. Rxf7+ Kxf7 22. Qf3+ Ke8 23. Qf6 Rf8 24. Qxg6+ Kd7 25. Bd2 Rf5 26.
Qg7+ Kc6 27. Qe7 Bc4 28. Qd6+ Kb5 29. a4+ Ka6 {White forfeits on time} 0-1

[Event "ICC Open 2015"]
[Site "Internet Chess Club"]
[Date "2015.05.29"]
[Round "1"]
[White "IssaNissa"]
[Black "BlueGreen"]
[Result "0-1"]
[ICCResult "White forfeits on time"]
[WhiteElo "1790"]
[BlackElo "2715"]
[Opening "Trompowsky attack (Ruth, Opocenský opening)"]
[ECO "A45"]
[NIC "QP.07"]
[Time "14:02:56"]
[TimeControl "180+0"]

1. d4 Nf6 2. Bg5 e6 3. e4 d5 4. e5 h6 5. Bxf6 gxf6 6. f4 c5 7. c3 Nc6 8. Nf3
Bd7 9. Nbd2 h5 10. Bd3 Bh6 11. g3 fxe5 12. Nxe5 cxd4 13. Qxh5 Nxe5 14. Qxe5
f6 15. Bg6+ Ke7 16. Qxd4 Rc8 17. Qxa7 Kf8 18. O-O Kg7 19. Bd3 Qe8 20. Qd4
Qh5 21. Nf3 Kf7 22. Nh4 Rhg8 23. f5 Qg5 24. Rae1 Bf8 25. Ng6 Bc5 26. fxe6+
Bxe6 27. Ne5+ Kg7 28. Nf3 Bxd4+ 29. cxd4 Qg4 30. Rxe6 Qxe6 31. Re1 Qxe1+
{White forfeits on time}
0-1

[Event "ICC Open 2015"]
[Site "Internet Chess Club"]
[Date "2015.05.29"]
[Round "1"]
[White "LittleDonkey"]
[Black "shortcastle"]
[Result "1-0"]
[ICCResult "Black checkmated"]
[WhiteElo "2369"]
[BlackElo "1722"]
[Opening "Sicilian: dragon, classical, Grigoriev variation"]
[ECO "B72"]
[NIC "SI.15"]
[Time "14:03:11"]
[TimeControl "180+0"]

1. e4 c5 2. Nf3 d6 3. d4 cxd4 4. Nxd4 Nf6 5. Nc3 g6 6. Be2 Bg7 7. Be3 O-O 8.
Qd2 Nc6 9. O-O-O Nxd4 10. Bxd4 Be6 11. Kb1 Qc7 12. h4 Rfc8 13. f3 Qa5 14. a3
Rab8 15. h5 b5 16. hxg6 hxg6 17. Qg5 b4 18. Qxa5 bxc3 19. Bxc3 Rxc3 20. Qxc3
Nxe4 21. Qc7 Rc8 22. Qxa7 Nf2 23. Ba6 Rd8 24. Qxe7 Rb8 25. b3 Bxb3 26. cxb3
Rxb3+ 27. Kc1 Rc3+ 28. Kd2 Nxd1 29. Qe8+ Bf8 30. Kxd1 Rxa3 31. Rh8+ Kxh8 32.
Qxf8+ Kh7 33. Qxf7+ Kh6 34. Qf8+ Kh7 35. Qxd6 Ra1+ 36. Ke2 Ra2+ 37. Ke3 Ra1
38. Bd3 Re1+ 39. Kf4 Kh6 40. Qxg6# {Black checkmated} 1-0

[Event "ICC Open 2015"]
[Site "Internet Chess Club"]
[Date "2015.05.29"]
[Round "1"]
[White "Visier"]
[Black "whynotchess960"]
[Result "0-1"]
[ICCResult "White resigns"]
[WhiteElo "1132"]
[BlackElo "2000"]
[Opening "Vienna gambit: Breyer variation"]
[ECO "C31"]
[NIC "VG.03"]
[Time "14:02:35"]
[TimeControl "180+0"]

1. e4 e5 2. f4 d5 3. Nc3 Nf6 4. fxe5 Nxe4 5. Nf3 Be7 6. Qe2 Bf5 7. d3 Nxc3
8. bxc3 O-O 9. d4 c5 10. Qf2 Nc6 11. Bb5 Qa5 12. Qe2 Qxc3+ 13. Qd2 Qxa1 14.
O-O Qxa2 15. c3 Qxd2 16. Bxd2 Be4 17. Bc1 Bxf3 18. Rxf3 cxd4 19. Bxc6 bxc6
20. cxd4 a5 21. Rc3 Rfc8 22. Ba3 Bxa3 23. Rxa3 c5 24. dxc5 Rxc5 25. h3 d4
26. e6 fxe6 27. Rb3 a4 28. Rb6 a3 29. Rxe6 a2 30. Re1 a1=Q 31. Rxa1 Rxa1+
32. Kh2 d3 {White resigns} 0-1

[Event "ICC Open 2015"]
[Site "Internet Chess Club"]
[Date "2015.05.29"]
[Round "1"]
[White "Iturrizaga"]
[Black "Romanson-zucker"]
[Result "0-1"]
[ICCResult "White disconnected and forfeits"]
[WhiteElo "3067"]
[BlackElo "1936"]
[Opening "English: Neo-Catalan"]
[ECO "A13"]
[NIC "RE.11"]
[Time "14:06:28"]
[TimeControl "180+0"]

1. Nf3 d5 2. c4 e6 3. g3 Nf6 4. Bg2 c6 5. O-O Bd6 6. b3 O-O 7. Bb2 Nbd7 8.
d3 b6 9. Nbd2 Bb7 10. Qc2 Rc8 11. e4 dxe4 12. dxe4 e5 13. Rfd1 Qe7 14. Nh4
g6 {White disconnected and forfeits} 0-1

[Event "ICC Open 2015"]
[Site "Internet Chess Club"]
[Date "2015.05.29"]
[Round "1"]
[White "brauliocuarta"]
[Black "jorgeearroyo"]
[Result "1-0"]
[ICCResult "Black forfeits on time"]
[WhiteElo "2014"]
[BlackElo "1200"]
[Opening "QGD: Chigorin defense"]
[ECO "D07"]
[NIC "QP.08"]
[Time "14:03:22"]
[TimeControl "180+0"]

1. d4 d5 2. c4 Nc6 3. Nf3 Bg4 4. cxd5 Bxf3 5. gxf3 Qxd5 6. e3 Nf6 7. Nc3 Qa5
8. Bd2 Qb6 9. Na4 Nxd4 10. Nxb6 cxb6 11. exd4 e6 12. Qa4+ Nd7 13. Bb5 Rd8
14. Qxa7 Bd6 15. Qxb7 Ke7 16. Rc1 Rhe8 17. Rc7 Bxc7 18. Qxc7 Kf6 19. Bxd7
Rf8 20. Qe5+ Ke7 21. Ba4 f6 22. Qc7+ {Black forfeits on time} 1-0

[Event "ICC Open 2015"]
[Site "Internet Chess Club"]
[Date "2015.05.29"]
[Round "1"]
[White "MichelRocard"]
[Black "raanan"]
[Result "1-0"]
[ICCResult "Black forfeits on time"]
[WhiteElo "1998"]
[BlackElo "1286"]
[Opening "Ruy Lopez: modern Steinitz defense"]
[ECO "C74"]
[NIC "RL.11"]
[Time "14:03:14"]
[TimeControl "180+0"]

1. e4 e5 2. Nf3 Nc6 3. Bb5 a6 4. Ba4 d6 5. c3 Bg4 6. Bxc6+ bxc6 7. d3 Be7 8.
Nbd2 f5 9. h3 Bh5 10. exf5 Nf6 11. g4 Bf7 12. Qa4 Qd7 13. Ng5 Bd5 14. Rg1 h6
15. Ne6 g6 16. c4 gxf5 17. cxd5 Nxd5 18. Ng7+ Kf7 19. Nxf5 Bg5 20. Ne4 Nf4
21. Bxf4 exf4 22. Qb3+ Kg6 23. h4 Rhe8 24. h5+ Kh7 25. O-O-O d5 26. Nxg5+
hxg5 27. d4 {Black forfeits on time} 1-0

[Event "ICC Open 2015"]
[Site "Internet Chess Club"]
[Date "2015.05.29"]
[Round "1"]
[White "Sherlocked"]
[Black "Vladimirovich"]
[Result "0-1"]
[ICCResult "White checkmated"]
[WhiteElo "1982"]
[BlackElo "3281"]
[Opening "English: closed system"]
[ECO "A25"]
[NIC "EO.24"]
[Time "14:03:32"]
[TimeControl "180+0"]

1. c4 e5 2. g3 Nc6 3. Bg2 g6 4. Nc3 Bg7 5. e4 Nge7 6. Nge2 d6 7. O-O h5 8.
d3 h4 9. Bg5 hxg3 10. fxg3 Be6 11. Nd5 Bh6 12. Bxh6 Rxh6 13. Qd2 Rh8 14.
Nf6+ Kf8 15. Rf2 Ng8 16. Raf1 Kg7 17. Nd5 Qd7 18. b4 Rf8 19. b5 Nd8 20. Qg5
Rh5 21. Qe3 c6 22. bxc6 bxc6 23. Nf6 Nxf6 24. Rxf6 Qe7 25. R6f2 c5 26. Bf3
Rhh8 27. Nc3 Nc6 28. Bg2 Nd4 29. Ne2 Nc6 30. Nc3 Rh7 31. h4 Nd4 32. Ne2 Rfh8
33. Nxd4 cxd4 34. Qd2 Rh5 35. Bf3 R5h6 36. Bg2 Rh5 37. Bf3 R5h7 38. Bg2 Rb8
39. Qa5 g5 40. hxg5 Qxg5 41. Qc7 Rf8 42. Qxd6 Qxg3 43. Qxe6 Qh2#
{White checkmated}
0-1

[Event "ICC Open 2015"]
[Site "Internet Chess Club"]
[Date "2015.05.29"]
[Round "1"]
[White "jonesey"]
[Black "Shadeath"]
[Result "0-1"]
[ICCResult "White forfeits on time"]
[WhiteElo "1885"]
[BlackElo "3026"]
[Opening "Caro-Kann: Panov-Botvinnik attack, 5...g6"]
[ECO "B14"]
[NIC "CK.03"]
[Time "14:03:27"]
[TimeControl "180+0"]

1. e4 c6 2. d4 d5 3. exd5 cxd5 4. c4 Nf6 5. Nc3 g6 6. cxd5 Bg7 7. Bc4 O-O 8.
Nge2 Na6 9. Nf4 Nc7 10. Qf3 b6 11. O-O Bb7 12. Re1 Qd7 13. a4 Rad8 14. b3
Rfe8 15. Ba3 a6 16. Qd3 Nfxd5 17. Nfxd5 Nxd5 18. Nxd5 Bxd5 19. Bxa6 Qg4 20.
f3 Qxd4+ 21. Kh1 Qxd3 22. Bxd3 Bxa1 23. Rxa1 Bc6 24. Bf1 e5
{White forfeits on time}
0-1

[Event "ICC Open 2015"]
[Site "Internet Chess Club"]
[Date "2015.05.29"]
[Round "1"]
[White "kingest1912"]
[Black "Glamurius"]
[Result "0-1"]
[ICCResult "White forfeits on time"]
[WhiteElo "1843"]
[BlackElo "2943"]
[Opening "Sicilian: Nimzovich-Rossolimo attack (without ...d6)"]
[ECO "B30"]
[NIC "SI.31"]
[Time "14:02:43"]
[TimeControl "180+0"]

1. e4 c5 2. Nf3 Nc6 3. Bb5 Na5 4. O-O a6 5. Be2 e6 6. Re1 b5 7. b3 Bb7 8.
Bb2 Bxe4 9. d3 Bb7 10. Nc3 Nf6 11. Bf1 Be7 12. Qd2 O-O 13. Rad1 Nc6 14. Ne4
d5 15. Bxf6 Bxf6 16. Nxc5 Rb8 17. d4 Qc7 18. c3 Be7 19. b4 Bd6 20. Qg5 h6
21. Qh4 Rbe8 22. Bd3 Bc8 23. Bb1 Bxc5 24. bxc5 e5 25. Nxe5 Nxe5 26. dxe5
Rxe5 27. Rxe5 Qxe5 28. Qd4 Re8 29. h3 g6 30. Qxd5 Qxd5 31. Rxd5 Re1+ 32. Kh2
Be6 33. Rd8+ Kg7 34. Bc2 Re5 35. c6 Rc5 36. Rd6 Rxc3 37. Be4 Kf6 38. Bf3 b4
39. Rd8 Bxa2 40. Rb8 a5 41. Rb6 Be6 42. Ra6 Rc5 43. Bd1 Ke5 44. c7 Rxc7 45.
Rxa5+ Kd4 46. Rb5 Kc3 47. Kg3 Bc4 48. Rb6 b3 49. Kf4 b2 50. Ke3 Ba2 51. Rxb2
Kxb2 52. Bc2 Kxc2 53. g4 Kc3 54. Kf4 Kd4 55. h4 Rc5 56. f3 g5+ 57. Kg3 Ke3
58. h5 f5 59. Kg2 f4 60. Kh3 Kxf3 61. Kh2 Kxg4 62. Kg2 Kxh5 63. Kf2 Bd5 64.
Ke2 Be4 65. Kd2 Rc2+ 66. Kd1 f3 {White forfeits on time} 0-1

[Event "ICC Open 2015"]
[Site "Internet Chess Club"]
[Date "2015.05.29"]
[Round "1"]
[White "PuRe"]
[Black "Perseus"]
[Result "0-1"]
[ICCResult "White checkmated"]
[WhiteElo "1742"]
[BlackElo "2443"]
[Opening "Three knights: Steinitz, Rosenthal variation"]
[ECO "C46"]
[NIC "KP.06"]
[Time "14:02:58"]
[TimeControl "180+0"]

1. e4 e5 2. Nf3 Nc6 3. Nc3 g6 4. d4 exd4 5. Nd5 h6 6. Nxd4 a6 7. Bf4 d6 8.
Nxc6 bxc6 9. Ne3 Bg7 10. c3 Ne7 11. Bc4 O-O 12. O-O Kh7 13. Qc2 Be6 14. Rad1
Qe8 15. f3 Bxc4 16. Nxc4 f5 17. Rfe1 fxe4 18. Qxe4 Rf7 19. Bxd6 cxd6 20.
Nxd6 Qf8 21. Nxf7 Qxf7 22. Qxe7 Qxa2 23. Rd7 Rg8 24. Qf7 Qxb2 25. Qf6 Qb6+
26. Qd4 c5 27. Qd6 Qb2 28. Qxc5 Kh8 29. Ree7 Qc1+ 30. Kf2 Qc2+ 31. Kg3 Qc1
32. Qe5 Bxe5+ 33. Rxe5 Rg7 34. Re8+ Kh7 35. Rxg7+ Kxg7 36. Re7+ Kf6 37. Ra7
Qxc3 38. Rxa6+ Kf7 39. Ra7+ Kf6 40. Ra6+ Kf5 41. Ra8 h5 42. Rf8+ Kg5 43. h4+
Kh6 44. Rh8+ Qxh8 45. Kh3 Qe5 46. g4 Qf4 47. g5+ Kg7 48. Kg2 Qxh4 49. Kf1
Qxg5 50. Ke2 Qf4 51. Kf2 h4 52. Kg2 Qg3+ 53. Kh1 Qxf3+ 54. Kh2 Qg3+ 55. Kh1
Qg4 56. Kh2 Kf6 57. Kh1 Kf5 58. Kh2 Kf4 59. Kh1 Kf3 60. Kh2 Qg2#
{White checkmated}
0-1

[Event "ICC Open 2015"]
[Site "Internet Chess Club"]
[Date "2015.05.29"]
[Round "1"]
[White "Kyekerz"]
[Black "muhit"]
[Result "0-1"]
[ICCResult "White checkmated"]
[WhiteElo "1252"]
[BlackElo "2032"]
[Opening "Ruy Lopez: closed, Bogolyubov variation"]
[ECO "C91"]
[NIC "RL.20"]
[Time "14:03:37"]
[TimeControl "180+0"]

1. e4 e5 2. Nf3 Nc6 3. Bb5 a6 4. Ba4 Nf6 5. O-O Be7 6. Re1 b5 7. Bb3 d6 8.
c3 O-O 9. d4 Bg4 10. d5 Na5 11. Bc2 Nc4 12. b3 Nb6 13. Be3 Nfd7 14. Nbd2 f5
15. exf5 Bxf5 16. Bxf5 Rxf5 17. Qc2 Qf8 18. h3 Nxd5 19. Ne4 Nf4 20. Bxf4
Rxf4 21. Neg5 Bxg5 22. Nxg5 Qf5 23. Qxf5 Rxf5 24. Ne6 Rc8 25. Rad1 Kf7 26.
f4 Kxe6 27. fxe5 Nxe5 28. Rd2 Rcf8 29. Rde2 Kd7 30. Rd1 Kc6 31. Rd4 g5 32.
h4 g4 33. Ree4 h5 34. c4 bxc4 35. bxc4 g3 36. Re3 Rf1# {White checkmated}
0-1

[Event "ICC Open 2015"]
[Site "Internet Chess Club"]
[Date "2015.05.29"]
[Round "1"]
[White "ikica"]
[Black "WhiteAttack"]
[Result "1-0"]
[ICCResult "Black forfeits on time"]
[WhiteElo "2842"]
[BlackElo "1832"]
[Opening "Nimzo-Indian: classical variation"]
[ECO "E32"]
[NIC "NI.24"]
[Time "14:03:04"]
[TimeControl "180+0"]

1. d4 Nf6 2. c4 e6 3. Nc3 Bb4 4. Qc2 O-O 5. Bg5 b6 6. e3 Bb7 7. Nf3 Bxf3 8.
gxf3 h6 9. Bh4 c5 10. O-O-O cxd4 11. exd4 Nc6 12. Rg1 Kh8 13. d5 Ne5 14. Ne4
Nxf3 15. Bxf6 gxf6 16. Rg3 f5 17. Rxf3 fxe4 18. Qxe4 Qg5+ 19. Kb1 Qg6 20.
Bd3 Qxe4 21. Bxe4 f5 22. Bc2 Bc5 23. a3 a5 24. Ba4 Rad8 25. Rh3 e5 26. Rxh6+
Kg7 27. Rh5 Bxf2 28. Rd2 Be3 29. Rg2+ Kf6 30. Rh7 d6 31. Bd7 Rg8 32. Rxg8
Rxg8 33. Be6 Rg1+ 34. Kc2 Rg2+ 35. Kd3 f4 36. h4 Rd2+ 37. Ke4 Rd4+ 38. Kf3
Bc1 39. Kg4 f3+ 40. Kxf3 Rf4+ 41. Kg3 Rf1 42. Rd7 Rg1+ 43. Kf2
{Black forfeits on time}
1-0

[Event "ICC Open 2015"]
[Site "Internet Chess Club"]
[Date "2015.05.29"]
[Round "1"]
[White "Sebs"]
[Black "Piranha"]
[Result "1-0"]
[ICCResult "Black checkmated"]
[WhiteElo "2899"]
[BlackElo "1835"]
[Opening "Dutch: Staunton gambit, Staunton's line"]
[ECO "A83"]
[NIC "HD.11"]
[Time "14:03:20"]
[TimeControl "180+0"]

1. d4 f5 2. e4 fxe4 3. Nc3 Nf6 4. Bg5 Nc6 5. d5 Ne5 6. Qd4 Nf7 7. h4 h6 8.
Bxf6 exf6 9. O-O-O c5 10. Qxe4+ Qe7 11. Qg6 d6 12. f4 Bd7 13. Nf3 O-O-O 14.
Re1 Ne5 15. fxe5 dxe5 16. Kb1 Kb8 17. Bd3 Qd6 18. Nd2 h5 19. Nc4 Qc7 20. a4
Bg4 21. Be2 Rh6 22. Qd3 a6 23. Bxg4 hxg4 24. a5 Bd6 25. Qe3 Re8 26. Ne4 Bf8
27. d6 Qc6 28. Qxc5 Rc8 29. Qxc6 Rxc6 30. d7 Be7 31. Nb6 Bd8 32. Nf2 Rc5 33.
b4 Rc3 34. Nxg4 Rg6 35. Ne3 Rg3 36. Nf5 Rxg2 37. Rc1 Ka7 38. Nd6 g6 39. Nf7
Be7 40. d8=Q Bxd8 41. Nxd8 e4 42. Ne6 f5 43. Nd4 e3 44. Nb3 f4 45. Rhd1 e2
46. Rd8 f3 47. Ra8# {Black checkmated} 1-0

[Event "ICC Open 2015"]
[Site "Internet Chess Club"]
[Date "2015.05.29"]
[Round "1"]
[White "Blondicheck"]
[Black "BlueJ"]
[Result "0-1"]
[ICCResult "White forfeits on time"]
[WhiteElo "1523"]
[BlackElo "2274"]
[Opening "Sicilian defense"]
[ECO "B40"]
[NIC "SI.43"]
[Time "14:03:27"]
[TimeControl "180+0"]

1. e4 c5 2. Nf3 e6 3. c3 Nf6 4. e5 Nd5 5. d4 cxd4 6. cxd4 d6 7. exd6 Bxd6 8.
Nc3 Bb4 9. Bd2 O-O 10. Nxd5 Bxd2+ 11. Qxd2 Qxd5 12. Be2 b6 13. O-O Bb7 14.
a3 Nc6 15. Rac1 Rad8 16. Rfd1 Na5 17. Qe3 Qd6 18. Rc3 Rc8 19. Bd3 Rxc3 20.
bxc3 h6 21. a4 Rc8 22. Bc2 Qc6 23. Qd3 Qxc3 24. Qh7+ Kf8 25. Bb1 Bxf3 26.
gxf3 Qxf3 27. Re1 Qg4+ 28. Kf1 Ke7 29. Qd3 Kf8 30. Qa3+ Kg8 31. Qd3 g6 32.
d5 exd5 33. Qxd5 Qc4+ 34. Qxc4 Rxc4 35. Re7 Rc1+ 36. Re1 Rxe1+ 37. Kxe1 Nc4
38. Ke2 Nb2 39. Bc2 Kf8 40. Kd2 Ke7 41. Kc3 Nxa4+ 42. Bxa4 a6 43. Kb4 f5 44.
Bc2 Kf6 45. Kc4 Ke5 46. Bd3 Kf4 47. Kd4 b5 {White forfeits on time} 0-1

[Event "ICC Open 2015"]
[Site "Internet Chess Club"]
[Date "2015.05.29"]
[Round "1"]
[White "Chaos23"]
[Black "gonesailing"]
[Result "0-1"]
[ICCResult "White forfeits on time"]
[WhiteElo "2044"]
[BlackElo "1429"]
[Opening "English, Nimzovich variation"]
[ECO "A20"]
[NIC "EO.25"]
[Time "14:03:24"]
[TimeControl "180+0"]

1. c4 e5 2. Nf3 Nc6 3. d4 exd4 4. Nxd4 Nf6 5. g3 Bc5 6. Nb3 Bb4+ 7. Bd2
Bxd2+ 8. Qxd2 d6 9. Bg2 O-O 10. O-O Be6 11. Na3 Rb8 12. Rac1 Qd7 13. Nb5 Bh3
14. f3 Bxg2 15. Kxg2 a6 16. N5d4 Ne5 17. e4 b5 18. c5 Nc4 19. Qf2 Rfe8 20.
c6 Qd8 21. Kh1 Ne5 22. h3 Nd3 23. Qd2 Nxc1 24. Rxc1 d5 25. exd5 Nxd5 26. Nc5
Qd6 27. Kg2 Ne3+ 28. Kf2 Qh6 29. Ne4 Rxe4 30. fxe4 Ng4+ 31. Ke2 Qxh3 32. Kd3
Ne5+ 33. Kc2 Qxg3 34. Nf5 Qf4 35. Qxf4 g6 36. Qxe5 gxf5 37. Rg1+ Kf8 38.
Qh8+ Ke7 39. Qxb8 Kd6 40. Qb7 Ke5 41. Rd1 Kxe4 {White forfeits on time} 0-1

[Event "ICC Open 2015"]
[Site "Internet Chess Club"]
[Date "2015.05.29"]
[Round "1"]
[White "Durarbeyli"]
[Black "ErnestoRondon"]
[Result "1-0"]
[ICCResult "Black checkmated"]
[WhiteElo "2829"]
[BlackElo "1823"]
[Opening "Sicilian: O'Kelly variation"]
[ECO "B28"]
[NIC "SI.43"]
[Time "14:02:20"]
[TimeControl "180+0"]

1. e4 c5 2. Nf3 a6 3. c3 e6 4. d4 cxd4 5. cxd4 d5 6. exd5 exd5 7. Nc3 Nf6 8.
Qb3 Be7 9. Bg5 O-O 10. Be2 Nc6 11. O-O b5 12. Rad1 Be6 13. Ne5 Na5 14. Qc2
Nc4 15. b3 Nb6 16. Nc6 Qd7 17. Nxe7+ Qxe7 18. Bd3 h6 19. Bh4 Rac8 20. Qd2
Nbd7 21. Ne2 Qd6 22. Ng3 Rfe8 23. Rfe1 Bg4 24. f3 Be6 25. Nf5 Bxf5 26. Bxf5
Rcd8 27. Qd3 Qb6 28. Bxd7 Rxe1+ 29. Rxe1 Rxd7 30. Bxf6 gxf6 31. f4 Kg7 32.
h3 Qd6 33. Qg3+ Kf8 34. Qh4 Kg7 35. Qg4+ Kf8 36. Qf5 Re7 37. Rc1 Qe6 38.
Rc8+ Kg7 39. Qxe6 Rxe6 40. Rd8 Re4 41. Rxd5 Rxf4 42. Rd6 a5 43. Rd5 a4 44.
g3 Re4 45. Kf2 axb3 46. axb3 b4 47. g4 Kg6 48. Kf3 Re1 49. Rb5 Rd1 50. Rxb4
Rh1 51. Kg2 Rd1 52. Rc4 Rb1 53. b4 Kg5 54. Rc5+ Kf4 55. Rf5+ Ke4 56. Rxf6
Rxb4 57. Rxf7 Rxd4 58. Rf6 h5 59. Kg3 hxg4 60. Rf4+ Ke3 61. Rxd4 Kxd4 62.
hxg4 Ke5 63. Kh4 Kf6 64. Kh5 Kg7 65. Kg5 Kh7 66. Kf6 Kg8 67. g5 Kh8 68. Kg6
Kg8 69. Kf6 Kf8 70. Kg6 Kg8 71. Kh6 Kh8 72. g6 Kg8 73. g7 Kf7 74. Kh7 Kf6
75. g8=Q Ke5 76. Qg6 Kd5 77. Kg7 Ke5 78. Qf6+ Kd5 79. Qf5+ Kd4 80. Qe6 Kc5
81. Qe5+ Kc6 82. Kf6 Kd7 83. Qd5+ Kc7 84. Qc5+ Kd7 85. Qb6 Kc8 86. Qa7 Kd8
87. Ke6 Kc8 88. Kd6 Kd8 89. Qd7# {Black checkmated} 1-0

[Event "ICC Open 2015"]
[Site "Internet Chess Club"]
[Date "2015.05.29"]
[Round "1"]
[White "Sc6"]
[Black "HuevosDeLeon"]
[Result "0-1"]
[ICCResult "White forfeits on time"]
[WhiteElo "1783"]
[BlackElo "2678"]
[Opening "Sicilian defense"]
[ECO "B32"]
[NIC "SI.32"]
[Time "14:02:34"]
[TimeControl "180+0"]

1. e4 c5 2. Nf3 Nc6 3. d4 cxd4 4. Nxd4 d6 5. Nc3 g6 6. Bc4 Bg7 7. Be3 Nf6 8.
f3 O-O 9. Bb3 Bd7 10. Qd2 Rc8 11. g4 Ne5 12. Qf2 Bxg4 13. O-O-O Rxc3 14.
bxc3 Nxf3 15. Kb2 Nxe4 16. Qh4 Qc8 17. Qxe7 Qxc3+ 18. Ka3 Qxe3 19. Rd3 Qf4
20. Rhd1 Nxd4 21. Rxd4 Bxd1 22. Rxd1 Qf5 23. Qxb7 Qa5+ 24. Ba4 Nc5 25. Qb4
Qc7 26. Rb1 Na6 27. Qe4 Qc3+ 28. Rb3 Qc5+ 29. Rb4 Rb8 30. Qc4 Qxb4+ 31. Qxb4
Nxb4 32. Bb3 d5 33. Ka4 Bc3 34. Ka3 d4 35. h4 Nc6 {White forfeits on time}
0-1

[Event "ICC Open 2015"]
[Site "Internet Chess Club"]
[Date "2015.05.29"]
[Round "1"]
[White "Lucas"]
[Black "Lundendorf"]
[Result "1-0"]
[ICCResult "Black forfeits on time"]
[WhiteElo "2509"]
[BlackElo "1740"]
[Opening "Caro-Kann: Panov-Botvinnik attack, 5...e6"]
[ECO "B14"]
[NIC "CK.03"]
[Time "14:03:11"]
[TimeControl "180+0"]

1. e4 c6 2. c4 d5 3. exd5 cxd5 4. d4 Nf6 5. Nc3 e6 6. Nf3 Bb4 7. c5 O-O 8.
Qb3 Nc6 9. Bd3 Ba5 10. Bf4 a6 11. O-O Bc7 12. Bxc7 Qxc7 13. Rfe1 Re8 14.
Rad1 g6 15. h3 Rb8 16. Bb1 b6 17. cxb6 Qxb6 18. Qa4 Bd7 19. b3 Ne5 20. Qa3
Nxf3+ 21. gxf3 Kg7 22. Ne2 Nh5 23. Qc1 Rec8 24. Qe3 Qd6 25. Qe5+ Qxe5 26.
dxe5 Rc7 27. Bd3 a5 28. Rc1 Rbc8 29. Rb1 f6 30. f4 Kf7 31. a3 Ng7 32. b4
axb4 33. axb4 Rb8 34. Rb2 Nf5 35. Bxf5 gxf5 36. Reb1 Bb5 37. Nd4 Bc4 38. b5
Rb6 39. Rb4 Rcb7 40. f3 Kg6 41. Kf2 fxe5 42. fxe5 Kf7 43. Ke3 Rb8 44. Nc6
Rg8 45. Na5 Rg3 46. Nxc4 dxc4 47. Rxc4 Rxh3 48. Rc7+ Kg6 49. Rc6 Rb8 50.
Rg1+ Kh6 51. Rxe6+ Kh5 52. Rf6 Rxb5 53. Rxf5+ {Black forfeits on time} 1-0

[Event "ICC Open 2015"]
[Site "Internet Chess Club"]
[Date "2015.05.29"]
[Round "1"]
[White "Merula"]
[Black "Palchinsky01"]
[Result "1-0"]
[ICCResult "Black forfeits on time"]
[WhiteElo "2224"]
[BlackElo "1455"]
[Opening "Trompowsky attack (Ruth, Opocenský opening)"]
[ECO "A45"]
[NIC "QP.07"]
[Time "14:03:51"]
[TimeControl "180+0"]

1. d4 Nf6 2. Bg5 c5 3. Bxf6 gxf6 4. d5 Qb6 5. Qc1 e6 6. c4 h5 7. Nc3 Bh6 8.
e3 e5 9. Bd3 d6 10. Qc2 Rg8 11. g3 h4 12. Nge2 Bg4 13. Qb3 Nd7 14. Rg1 h3
15. Qxb6 Nxb6 16. Kd2 a6 17. b3 O-O-O 18. a4 Kb8 19. Raf1 Bf3 20. Bf5 Rg5
21. Bxh3 f5 22. g4 f4 23. exf4 exf4 24. Re1 Re8 25. Kd3 Rge5 26. g5 Bxg5 27.
Kd2 f6 28. Be6 R5xe6 29. dxe6 Rxe6 30. Nc1 Re5 31. Nd3 Re2+ 32. Nxe2
{Black forfeits on time}
1-0

[Event "ICC Open 2015"]
[Site "Internet Chess Club"]
[Date "2015.05.29"]
[Round "1"]
[White "Fanta"]
[Black "Gambit101"]
[Result "0-1"]
[ICCResult "White resigns"]
[WhiteElo "1944"]
[BlackElo "3201"]
[Opening "Sicilian: wing gambit"]
[ECO "B20"]
[NIC "SI.48"]
[Time "14:03:48"]
[TimeControl "180+0"]

1. e4 c5 2. b4 cxb4 3. d4 d5 4. e5 Nc6 5. a3 Bf5 6. axb4 Nxb4 7. Na3 e6 8.
Bb5+ Nc6 9. h4 h6 10. Nf3 Ne7 11. h5 a6 12. Bd3 Bxd3 13. Qxd3 Rc8 14. Bd2
Qd7 15. c4 dxc4 16. Nxc4 Nd5 17. O-O Be7 18. Rfb1 O-O 19. Nb6 Nxb6 20. Rxb6
Rfd8 21. Be3 Bc5 22. Rbb1 Ba7 23. Rd1 Nb4 24. Qe4 Nd5 25. Qg4 Nxe3 26. fxe3
Rc2 27. Rac1 Rdc8 28. Rxc2 Rxc2 29. Nd2 Kh8 30. Ne4 Rc8 31. Nd6 Rf8 32. Rf1
Bb8 33. Ne4 b6 34. Qf4 f5 35. Nd6 Bxd6 36. exd6 Rd8 37. e4 Qxd6 38. exf5
Qxf4 39. Rxf4 exf5 40. Rxf5 Rxd4 41. Rf8+ Kh7 42. Rb8 Rb4 43. Ra8 a5 44. Kf2
Rb3 45. Ke2 Rb4 46. Kd2 a4 47. Kc3 Rb3+ 48. Kc4 b5+ 49. Kd4 a3 50. g4 b4 51.
Ra4 Rb2 52. Ke5 a2 53. Kf5 b3 54. g5 hxg5 55. Kxg5 Rg2+ 56. Kf5 b2 57. Rxa2
b1=Q+ {White resigns} 0-1